 Dungeon Crawl Stone Soup version 0.24.1-11-gbbbb2193e6 (webtiles) character file.

Game seed: 3388603688204296163, levelgen mode: deterministic

173 Mrkan the Covered (level 5, -2/43 HPs)
             Began as a Barachi Fighter on May 15, 2020.
             Was an Initiate of Gozag.
             Killed by divine providence
             ... invoked by an orc priest
              (12 damage)
             ... on level 3 of the Dungeon.
             The game lasted 00:03:51 (1878 turns).

Mrkan the Covered (Barachi Fighter)                 Turns: 1878, Time: 00:03:51

Health: -2/43      AC: 10    Str: 19    XL:     5   Next: 53%
Magic:  5/5        EV:  7    Int:  8    God:    Gozag
Gold:   122        SH:  9    Dex: 11    Spells: 4/4 levels left

rFire    . . .     SeeInvis .   a - +0 long sword
rCold    . . .     Gourm    .   c - +0 shield
rNeg     . . .     Faith    .   b - +0 scale mail
rPois    .         Spirit   .   q - +1 helmet
rElec    .         Reflect  .   (no cloak)
rCorr    .         Harm     .   j - +0 pair of gloves
MR       .....                  (no boots)
Stlth    ..........             (no amulet)
HPRegen  0.14/turn              (no ring)
MPRegen  0.09/turn              (no ring)

@: slow
A: +LOS, swims, slowness 1, strong legs 1
a: Hop, Potion Petition, Call Merchant, Bribe Branch, Renounce Religion


You were on level 3 of the Dungeon.
You worshipped Gozag.
Gozag was aware of your devotion.
You were near starving.

You visited 1 branch of the dungeon, and saw 3 of its levels.

You collected 165 gold pieces.
You paid 43 gold pieces to Gozag.

Inventory:

Hand Weapons
 a - a +0 long sword (weapon)
 m - a +0 fustibalus
Armour
 b - a +0 scale mail (worn)
 c - a +0 shield (worn)
 j - a +0 pair of gloves (worn)
 q - a +1 helmet (worn)
Scrolls
 e - 5 scrolls of identify {unknown}
 g - 2 scrolls of remove curse {unknown}
 h - 2 scrolls of fear {unknown}
 k - a scroll of enchant weapon {unknown}
 l - a scroll of amnesia {unknown}
 n - 2 scrolls of fog {unknown}
 o - a scroll of teleportation {unknown}
Potions
 d - 2 potions of might
 i - a potion of flight {unknown}
 p - a potion of cancellation {unknown}
 r - a potion of brilliance {unknown}
 s - a potion of curing {unknown}
 t - a potion of resistance {unknown}
Comestibles
 f - 4 rations


   Skills:
 + Level 4.5 Fighting
 * Level 4.5 Long Blades
 + Level 4.5 Armour
 + Level 4.2 Shields


You had 4 spell levels left.
You didn't know any spells.
Your spell library was empty.

Dungeon Overview and Level Annotations

Branches:
Dungeon (3/15)

Altars:
Gozag
Nemelex Xobeh
Uskayaw


Innate Abilities, Weirdness & Mutations

Shadows flee at your approach. (+LOS)
You can swim through water.
You cover ground slowly.
You can hop short distances.


Message History

There are monsters nearby!
A gnoll and an orc wizard come into view.
The orc wizard is wielding a +1 dagger of venom.
The orc wizard shouts!
The orc priest shouts!
The orc priest calls down the wrath of Beogh upon you.
Beogh smites you!
The orc wizard moves out of view.
Found a club.
An orc warrior comes into view. It is wielding a +0 trident.
A gnoll comes into view. It is wielding a +0 spear.
The orc warrior moves out of view.
The orc priest mumbles some strange prayers to Beogh against you.
Beogh smites you!
The orc priest calls down the wrath of Beogh upon you.
Beogh smites you!
* * * LOW HITPOINT WARNING * * *
A hobgoblin comes into view. It is wielding a +0 hand axe.
The orc priest calls down the wrath of Beogh upon you.
Beogh smites you!
You die...
Your body crumbles into a pile of gold.

#......g.g..
#.....r...
#...oog.. $
#...o.# #...g#
#.#.# ##.#g#
#..#.# #.#@.#
#.#.#######..#
#...##......#
#####...#.######
#.........###
#......#....###
#......####...#
#......# ###.##
#......#
#..########


You could see 3 orc priests, 3 gnolls, a quokka and a hobgoblin (wandering).

Vanquished Creatures
  A hound (D:2)
  Robin (D:2)
  5 adders
  An ooze (D:1)
  3 worms
  2 dart slugs (D:2)
  A leopard gecko (D:1)
  5 orcs (D:3)
  5 giant cockroaches
  7 goblins (D:2)
  10 hobgoblins
  A quokka (D:2)
  A ball python (D:3)
  6 bats
  6 frilled lizards
  6 kobolds
  5 rats
66 creatures vanquished.

Notes
Turn   | Place    | Note
-------+----------+-------------------------------------------
     0 | D:1      | Mrkan the Barachi Fighter began the quest for the Orb.
     0 | D:1      | Reached XP level 1. HP: 18/18 MP: 1/1
   277 | D:1      | Reached XP level 2. HP: 22/25 MP: 2/2
   453 | D:1      | Reached XP level 3. HP: 29/30 MP: 3/3
   787 | D:2      | Found a faded altar of an unknown god.
   953 | D:2      | Reached XP level 4. HP: 34/37 MP: 4/4
   971 | D:2      | Noticed Robin
  1003 | D:2      | Killed Robin
  1060 | D:2      | You fall into a shaft and drop 1 floor!
  1265 | D:3      | Reached XP level 5. HP: 43/43 MP: 5/5
  1431 | D:2      | Found a hide-covered altar of Uskayaw.
  1664 | D:3      | Found an opulent altar of Gozag.
  1684 | D:3      | Became a worshipper of Gozag Ym Sagoz the Greedy
  1820 | D:3      | Found a sparkling altar of Nemelex Xobeh.
  1876 | D:3      | Noticed an orc warrior
  1878 | D:3      | Killed from afar by an orc priest

Levels and vault maps discovered:
D:1:      evilmike_arrival_run_for_it, layout_loops_ring,
          minmay_worlds_worst_comb
D:2:      layout_loops_ring, lemuel_crystal_altar,
          chequers_ecumenical_altar_simple, uniq_robin
D:3:      layout_rooms, nicolae_gozag_cash_rules_everything_around_me,
          lemuel_statue_altar

Skill      XL: |  1  2  3  4 |
---------------+-------------+-----
Long Blades    | 3 4 |  4.5
Fighting       | 4 |  4.5
Armour         | 4 |  4.5
Shields        | 4 |  4.2

Action                   |  1- 3 |  4- 6 || total
-------------------------+-------+-------++-------
Melee: Long sword        |   131 |   162 ||   293
  Eat: Chunk             |     1 |     2 ||     3
Armor: Scale mail        |    82 |    72 ||   154
Dodge: Dodged            |    42 |    38 ||    80
Block: Shield            |    78 |    89 ||   167
       Rpst.: Long sword |    13 |    13 ||    26
